Map: [G8] Gresvan

Players

Maru - Winner!

  • Race: Terran Terran
  • Spawn Location: 5:00

Solar

  • Race: Zerg Zerg
  • Spawn Location: 11:00

Event: Gamers8 2023

VOD

Have the link to the VOD?

Description

Time

  • Played on: Aug. 4, 2023, 9:54 a.m.
  • Length: 12:31

All games in this series

Show
View Real Time Build Order
Export as new Build Order

Maru Terran - Winner!

Build Orders:  

Get SALT Encoding   

  12  0:00  SCV  
  13  0:12  SCV  
  14  0:18  Supply Depot  
  14  0:24  SCV  
  15  0:39  SCV  
  15  0:40  Barracks  
  16  0:44  Refinery  
  16  0:51  SCV  
  17  1:00  Barracks  
  17  1:03  SCV  
  18  1:15  SCV  
  19  1:28  Orbital Command, Reaper  
  19  1:30  Supply Depot  
  20  1:47  Reaper  
  20  1:54  SCV  
  22  2:04  Reaper  
  22  2:06  SCV  
  24  2:12  Command Center  
  24  2:18  Refinery, SCV  
  24  2:21  Marine  
  26  2:33  SCV  
  26  2:34  Bunker  
  27  2:43  Factory  
  27  2:45  SCV  
  28  2:58  SCV  
  29  2:59  Barracks Reactor  
  29  3:07  Barracks Tech Lab  
  29  3:10  SCV  
  30  3:15  Command Center  
  30  3:22  SCV  
  31  3:29  Orbital Command  
  32  3:34  SCV  
  32  3:36  Starport  
  32  3:43  Factory Reactor  
  32  3:46  SCV  
  32  3:55  SCV  
  33  3:58  SCV  
  33  4:03  Marine x3  
  33  4:07  Stimpack  
  35  4:10  SCV  
  35  4:15  Liberator  
  37  4:17  SCV  
  37  4:21  Hellion x2  
  37  4:22  SCV  
  37  4:24  Marine x3  
  43  4:29  Orbital Command  
  46  4:31  SCV  
  46  4:34  SCV  
  48  4:42  Hellion x2  
  48  4:43  Marine, Supply Depot  
  48  4:44  Marine  
  54  4:46  Marine  
  54  4:48  SCV  
  54  4:49  SCV  
  57  4:54  SCV, Supply Depot  
  58  5:01  Marine, Refinery, SCV  
  58  5:02  Marine  
  58  5:05  Marine  
  62  5:11  Medivac x2  
  62  5:12  Factory Tech Lab  
  62  5:13  SCV  
  67  5:14  Supply Depot  
  67  5:15  SCV  
  67  5:20  Orbital Command  
  68  5:23  Marine x3  
  68  5:25  SCV  
  68  5:28  SCV  
  73  5:32  Engineering Bay  
  73  5:33  Engineering Bay  
  73  5:37  SCV  
  73  5:38  Siege Tank  
  73  5:40  Refinery, SCV  
  78  5:43  Marine x2  
  78  5:48  Combat Shield  
  78  5:49  SCV x2  
  82  5:52  Barracks, SCV  
  83  5:58  Supply Depot  
  83  6:00  Supply Depot  
  83  6:01  SCV  
  83  6:03  Terran Infantry Weapons Level 1  
  84  6:05  Terran Infantry Armor Level 1  
  84  6:08  Marine  
  84  6:09  Marine, Starport Reactor  
  83  6:16  SCV x2  
  85  6:19  Siege Tank  
  85  6:20  SCV  
  85  6:22  Marine  
  90  6:26  Marine  
  90  6:30  SCV  
  90  6:31  SCV  
  90  6:32  Supply Depot  
  93  6:37  SCV  
  94  6:41  Marine, Barracks  
  94  6:42  SCV  
  94  6:43  Barracks  
  94  6:46  SCV  
  97  6:48  Medivac  
  97  6:49  Medivac  
  97  6:51  SCV  
  101  6:55  Supply Depot  
  101  6:58  Siege Tank, Marine  
  105  7:03  Armory  
  105  7:07  Marine x3  
  108  7:10  SCV  
  109  7:16  Marine, Supply Depot  
  109  7:17  SCV x2, Supply Depot  
  109  7:22  Marine, SCV  
  111  7:25  Marine x3  
  111  7:29  SCV  
  115  7:34  Barracks Reactor x2  
  115  7:35  Marine  
  115  7:36  SCV  
  117  7:38  SCV  
  117  7:39  Supply Depot x2  
  117  7:40  Marine  
  117  7:41  Siege Tank, SCV  
  117  7:42  Medivac, Marine  
  126  7:49  SCV  
  126  7:50  SCV  
  128  7:53  Marine, SCV  
  118  8:01  SCV  
  118  8:02  SCV  
  118  8:05  SCV  
  106  8:07  Marine  
  106  8:08  Marine x2  
  106  8:09  Marine  
  106  8:11  Marine  
  103  8:13  SCV  
  103  8:15  Barracks x2  
  103  8:17  Barracks, Terran Infantry Weapons Level 2  
  104  8:21  Terran Infantry Armor Level 2  
  104  8:25  Marine  
  104  8:26  Siege Tank, Marine x3  
  110  8:27  SCV  
  110  8:29  Marine  
  110  8:30  Marine  
  110  8:32  SCV  
  110  8:34  Marine  
  115  8:35  Terran Vehicle Weapons Level 1  
  115  8:37  SCV  
  115  8:38  Marine x2  
  115  8:40  Supply Depot  
  118  8:42  Marine  
  118  8:44  Marine x2  
  121  8:52  Medivac  
  121  8:55  Command Center  
  123  8:58  Siege Tank, SCV  
  123  9:02  Marine x2  
  127  9:03  Marine x3  
  127  9:05  Barracks Reactor x2  
  127  9:09  Barracks Reactor  
  129  9:12  Supply Depot  
  129  9:14  Marine x4, Refinery, Sensor Tower  
  133  9:19  Supply Depot  
  133  9:20  Marine x2  
  132  9:28  Marine x3  
  132  9:30  Siege Tank  
  137  9:31  Marine  
  137  9:32  Marine x3  
  137  9:36  Supply Depot  
  137  9:38  Marine x2  
  142  9:40  Liberator  
  142  9:44  Marine x4  
  150  9:46  Marine x3  
  150  9:49  Marine x2  
  150  9:52  Marine x4, Factory  
  157  10:00  Marine  
  157  10:02  Siege Tank  
  157  10:04  Liberator  
  157  10:05  Marine  
  157  10:06  Marine x5  
  169  10:10  SCV x3  
  169  10:13  Supply Depot  
  172  10:22  Planetary Fortress, SCV  
  172  10:24  Liberator  
  172  10:26  Marine x3  
  178  10:32  Marine  
  178  10:34  Siege Tank  
  176  10:36  Marine x4  
  179  10:43  Marine x2  
  179  10:44  Marine x2  
  179  10:47  Marine x2  
  179  10:49  Medivac  
  186  10:50  Marine  
  186  10:51  Marine  
  186  10:53  Marine  
  189  10:59  Marine x6  
  189  11:01  Marine, Factory Tech Lab  
  193  11:06  Siege Tank  
  193  11:07  Medivac, Marine x2  
  190  11:19  Medivac, Command Center, Marine x5  
  197  11:26  Marine  
  198  11:33  Command Center  
  198  11:38  Siege Tank  
  198  11:39  Marine x3  
  174  11:40  Marine x5  
  174  11:42  Siege Tank  
  179  11:51  Medivac x2  
  180  11:58  Marine x4  
  180  12:00  Marine x3  
  180  12:01  Marine  
  188  12:05  Marine x2  
Show
View Real Time Build Order
Export as new Build Order

Solar Zerg 

Build Orders: Hatch First 

Get SALT Encoding   

  12  0:00  Drone  
  13  0:12  Overlord  
  13  0:17  Drone  
  14  0:31  Drone x2  
  16  0:48  Hatchery  
  15  0:51  Drone  
  15  0:54  Drone  
  17  0:57  Drone  
  18  1:09  Extractor  
  17  1:13  Spawning Pool  
  17  1:15  Drone  
  17  1:19  Drone  
  18  1:28  Drone  
  19  1:38  Drone  
  20  1:49  Drone  
  21  1:59  Queen x2  
  21  2:00  Zergling x4  
  27  2:11  Zergling x2  
  27  2:14  Overlord  
  28  2:22  Hatchery  
  27  2:23  Zergling x2  
  28  2:33  Drone x2  
  28  2:36  Queen  
  30  2:41  Metabolic Boost  
  32  2:49  Overlord  
  32  2:51  Zergling x2  
  32  2:53  Drone  
  32  2:58  Drone x2  
  36  3:07  Drone x2  
  36  3:08  Drone x2  
  36  3:10  Drone  
  41  3:17  Queen  
  41  3:19  Zergling x2  
  44  3:22  Overlord  
  44  3:34  Zergling x6  
  47  3:37  Drone  
  50  3:43  Drone x2  
  50  3:44  Drone x2  
  50  3:45  Drone  
  50  3:46  Drone  
  56  3:50  Overlord  
  54  4:01  Hatchery, Overlord  
  54  4:02  Drone  
  51  4:04  Drone  
  53  4:10  Drone x2  
  53  4:14  Drone  
  53  4:16  Drone  
  56  4:18  Queen  
  58  4:24  Drone  
  58  4:26  Drone  
  58  4:31  Extractor  
  59  4:35  Drone x3  
  59  4:37  Drone x2  
  64  4:43  Overlord  
  64  4:45  Drone x2  
  66  4:47  Drone  
  66  4:48  Drone  
  66  4:49  Baneling Nest  
  67  4:57  Overlord  
  67  5:00  Overlord  
  67  5:01  Queen  
  67  5:04  Drone  
  67  5:05  Drone x2  
  72  5:10  Drone x2  
  72  5:13  Queen, Drone  
  77  5:18  Lair  
  77  5:20  Spore Crawler  
  77  5:21  Drone  
  77  5:23  Drone  
  77  5:24  Drone  
  77  5:27  Extractor, Drone x3  
  81  5:33  Drone  
  81  5:34  Drone x2  
  84  5:36  Drone  
  84  5:37  Hatchery, Drone x2  
  86  5:45  Evolution Chamber  
  86  5:47  Evolution Chamber  
  86  5:48  Drone  
  86  5:49  Drone x2  
  84  5:51  Spore Crawler  
  84  5:52  Drone x3  
  84  5:56  Overlord  
  86  5:57  Drone  
  86  6:01  Zergling x2  
  88  6:06  Extractor  
  88  6:08  Extractor, Drone x2  
  88  6:10  Zergling x6  
  91  6:16  Zergling x8  
  95  6:18  Queen  
  95  6:21  Overlord  
  95  6:22  Overlord  
  95  6:23  Centrifugal Hooks, Zergling x2  
  98  6:30  Drone  
  98  6:32  Zerg Ground Armor Level 1, Zerg Melee Weapons Level 1  
  97  6:33  Drone  
  97  6:39  Overlord x2  
  98  6:42  Zergling x6  
  98  6:44  Drone  
  98  6:45  Baneling x7  
  98  6:46  Baneling x2  
  102  6:47  Zergling x2  
  102  6:49  Zergling x2  
  102  6:51  Zergling x4  
  102  6:52  Zergling x2  
  102  6:53  Zergling x2  
  107  6:54  Zergling x2  
  107  6:55  Zergling x2  
  107  6:57  Zergling x2  
  107  7:01  Queen  
  110  7:03  Drone x2  
  110  7:04  Baneling  
  110  7:05  Baneling x2, Overlord  
  110  7:07  Overlord  
  115  7:08  Zergling x6  
  115  7:11  Zergling x6  
  120  7:16  Baneling x8  
  120  7:17  Zergling x2  
  120  7:18  Zergling x2  
  120  7:19  Zergling x2  
  120  7:21  Zergling x4  
  117  7:26  Zergling x8  
  117  7:29  Zergling x6  
  124  7:30  Baneling x6  
  124  7:31  Baneling  
  124  7:32  Baneling  
  124  7:34  Zergling x4  
  124  7:35  Baneling  
  124  7:37  Zergling x6  
  127  7:39  Queen  
  127  7:42  Overlord  
  127  7:43  Zergling x4  
  129  7:48  Zergling x8  
  129  7:49  Overlord  
  133  7:54  Zergling x8  
  133  7:58  Zergling x10  
  131  8:05  Zergling x4  
  118  8:09  Zergling x4  
  118  8:10  Baneling x4  
  118  8:11  Baneling x2  
  118  8:12  Queen x2  
  113  8:13  Baneling  
  113  8:14  Baneling x2, Zergling x4  
  113  8:19  Zergling x10  
  124  8:21  Drone  
  124  8:22  Drone  
  124  8:23  Drone  
  124  8:26  Queen  
  129  8:28  Zergling x8  
  129  8:33  Zergling x8  
  132  8:35  Drone  
  132  8:38  Infestation Pit  
  132  8:40  Zergling x4  
  131  8:42  Drone x2  
  131  8:45  Zerg Ground Armor Level 2  
  131  8:48  Zerg Melee Weapons Level 2  
  133  8:51  Overseer  
  133  8:54  Baneling  
  130  8:58  Drone  
  130  8:59  Drone x8  
  129  9:03  Baneling x5  
  129  9:05  Zergling x2  
  129  9:06  Zergling x4  
  130  9:15  Drone x2  
  130  9:17  Zergling x4  
  134  9:19  Zergling x2  
  134  9:23  Hatchery, Drone x4  
  136  9:30  Hive  
  132  9:35  Drone x5  
  137  9:39  Drone  
  137  9:40  Baneling x2  
  137  9:41  Baneling x6  
  137  9:43  Drone  
  138  9:45  Overlord  
  138  9:46  Overlord  
  138  9:50  Zergling x2, Drone x2  
  138  9:51  Zergling x2  
  142  9:56  Zergling x2  
  142  9:57  Overlord  
  142  9:58  Overlord  
  142  9:59  Overlord  
  142  10:01  Zergling x4  
  142  10:02  Baneling  
  142  10:03  Baneling x2  
  142  10:05  Zergling x8  
  142  10:06  Baneling x4  
  142  10:07  Baneling  
  147  10:11  Drone  
  147  10:13  Zergling x12  
  154  10:17  Zergling x6  
  157  10:22  Zergling x8  
  157  10:28  Zergling x2  
  162  10:34  Zergling x6  
  153  10:37  Zergling x2  
  153  10:38  Zergling x6  
  153  10:41  Zergling x16  
  156  10:43  Zergling x2  
  156  10:46  Baneling x5  
  156  10:48  Zergling x10  
  162  10:50  Adrenal Glands  
  162  10:57  Zergling x2  
  162  10:59  Viper  
  162  11:02  Viper  
  162  11:03  Hatchery  
  165  11:05  Zergling x6  
  165  11:09  Zergling x6  
  167  11:12  Baneling x5  
  167  11:15  Zergling x4  
  167  11:17  Zergling x4  
  163  11:19  Zergling x2  
  163  11:21  Baneling x4  
  163  11:23  Zergling x4  
  166  11:28  Zergling x6  
  167  11:39  Zergling x6  
  149  11:46  Zergling x4  
  145  11:48  Hydralisk Den  
  145  11:49  Hatchery  
  145  11:51  Zergling x2  
  140  12:00  Extractor  
  139  12:01  Baneling  
  139  12:02  Baneling x3  
  139  12:03  Zergling x6  
  140  12:10  Zergling x2  
  140  12:11  Zergling x4  
  134  12:16  Hatchery  
Tags
 
Add a new tag
Caveats
  • Supply blocks, unpowered buildings, or Contaminate may cause inaccurate times.
  • Supply counts are checked every 10 seconds.